 Dungeon Crawl Stone Soup version 0.23.2 (webtiles) character file.

Game seed: 6290248717538148533

33 Borgoz the Ducker (level 3, -1/30 HPs)
             Began as a Ghoul Gladiator on Apr 4, 2019.
             Slain by an adder (4 damage)
             ... on level 2 of the Dungeon.
             The game lasted 00:01:12 (1036 turns).

Borgoz the Ducker (Ghoul Gladiator)                 Turns: 1036, Time: 00:01:13

Health: -1/30      AC:  4    Str: 17    XL:     3   Next: 29%
Magic:  2/2        EV: 18    Int:  4    God:
Gold:   10         SH:  0    Dex: 15    Spells: 2/2 levels left

rFire    . . .     SeeInvis .   a - +0 rapier
rCold    + . .     Gourm    .   (no shield)
rNeg     + + +     Faith    .   b - +0 leather armour
rPois    ∞         Spirit   .   c - +0 helmet
rElec    .         Reflect  .   (no cloak)
rCorr    .         Harm     .   (no gloves)
MR       .....                  (no boots)
Stlth    +++.......             (no amulet)
HPRegen  0.00/turn              (no ring)
MPRegen  0.08/turn              (no ring)

@: agile, rotting
A: rotting body, claws 1, carnivore, cold resistance 1, negative energy
resistance 3, inhibited regeneration, torment resistance, unbreathing
a: no special abilities


You were on level 2 of the Dungeon.
You were not hungry.

You visited 1 branch of the dungeon, and saw 2 of its levels.

You collected 10 gold pieces.

Inventory:

Hand Weapons
 a - a +0 rapier (weapon)
Missiles
 d - 3 throwing nets (quivered)
Armour
 b - a +0 leather armour (worn)
 c - a +0 helmet (worn)
Scrolls
 k - a scroll of fear {unknown}
Potions
 h - a potion of curing {unknown}
 j - a potion of mutation {unknown}
Comestibles
 f - 2 rations


   Skills:
 + Level 2.4 Fighting
 * Level 3.0 Short Blades
 - Level 1.7 Throwing
 * Level 1.1 Armour
 * Level 3.0 Dodging
 + Level 1.0 Stealth


You had 2 spell levels left.
You didn't know any spells.
Your spell library was empty.

Dungeon Overview and Level Annotations

Branches:
Dungeon (2/15)

Altars:


Innate Abilities, Weirdness & Mutations

Your body is rotting away.
You thrive on raw meat.
You are immune to poison.
You have sharp fingernails.
You are carnivorous and can eat meat at any time.
Your flesh is cold resistant. (rC+)
You are immune to negative energy. (rN+++)
You do not regenerate when monsters are visible.
You are immune to unholy pain and torment.
You can survive without breathing.


Message History

The worm is heavily wounded.
The adder hisses angrily.
The worm bites you.
You hit the worm.
The worm is almost dead.
The worm bites you!
* * * LOW HITPOINT WARNING * * *
It was a potion of agility.
You feel agile all of a sudden.
It was a potion of berserk rage.
You cannot raise a blood rage in your lifeless body.
The worm bites you.
* * * LOW HITPOINT WARNING * * *
You start resting.
The adder is too close now for your liking.
You closely miss the adder. The adder completely misses you.
You hit the adder.
The adder is lightly wounded.
The adder bites you.
You die...

#># #.# #.# #.#
#.# #.# #.# #.#
#.# #######.# #.#
#.# #.....#.# #(#
#.# #.....#.# #.#
#.# #.......###.##
#.#
#.....####..S##
#.#
#.....###.###@##
#.# ###.####.##
##.# #.# #.#....#
#.# #.# #.#.##.##
##.###.#
#.#.###.###...÷..#
######.#.#
##....######
.......#.# ####.#
.####..#.# #.#
..###..#.# #.#


You could see an adder.

Vanquished Creatures
  An adder (D:2)
  A dart slug (D:2)
  2 bats
  4 goblins
  3 hobgoblins (D:1)
  3 jackals (D:2)
  2 quokkas (D:2)
  A frilled lizard (D:2)
  3 rats
20 creatures vanquished.

Notes
Turn   | Place    | Note
-------+----------+-------------------------------------------
     0 | D:1      | Borgoz the Ghoul Gladiator began the quest for the Orb.
     0 | D:1      | Reached XP level 1. HP: 17/17 MP: 0/0
     3 | D:1      | Noticed an electric eel
     5 | D:1      | Noticed an electric eel
   568 | D:1      | Reached XP level 2. HP: 22/22 MP: 1/1
   875 | D:2      | Reached skill level 1 in Armour
   875 | D:2      | Reached XP level 3. HP: 17/30 MP: 2/2
   981 | D:2      | Reached skill level 1 in Stealth
   994 | D:2      | HP: 1/30 [worm (3)]
  1036 | D:2      | Slain by an adder

Skill      XL: |  1  2  3 |
---------------+----------+-----
Armour         | 1 |  1.1
Dodging        | 3 |  3.0
Short Blades   | 3 |  3.0
Stealth        | 1 |  1.0
Fighting       | |  2.4
Throwing       | |  1.7

Action                   || total
-------------------------++-------
Melee: Rapier            ||    73
  Use: Potion            ||     2
  Eat: Chunk             ||     8
Armor: Leather armour    ||    24
Dodge: Dodged            ||    32
